 Dungeon Crawl Stone Soup version 0.28-a0-909-g796cbd3a86 (webtiles) character file.

Game seed: 13253354055348894871

126 siradein the Charlatan (level 4, 0/34 HPs)
             Began as a Demonspawn Artificer on Nov 25, 2021.
             Slain by a gnoll zombie (4 damage)
             ... in an ossuary.
             The game lasted 00:05:18 (3858 turns).

siradein the Charlatan (Demonspawn Artificer)       Turns: 3858, Time: 00:05:19

Health: 0/34       AC:  5    Str: 13    XL:     4   Next: 84%
Magic:  4/4        EV: 11    Int: 12    God:
Gold:   196        SH:  0    Dex: 14    Spells: 3/3 levels left

rFire   . . .      SeeInvis .   n - +0 quarterstaff
rCold   . . .      Faith    .   (shield currently unavailable)
rNeg    . . .      Spirit   .   m - +0 ring mail
rPois   .          Reflect  .   (helmet restricted)
rElec   .          Harm     .   (no cloak)
rCorr   .          Rampage  .   (no gloves)
Will    .....                   (no boots)
Stlth   +.........              (no amulet)
HPRegen 0.11/turn               (no ring)
MPRegen 0.09/turn               (no ring)

@: no status effects
A: antennae 1, foul stench 1
a: no special abilities


You were in an ossuary.
You visited 1 branch of the dungeon, and saw 4 of its levels.
You also visited: Ossuary.

You collected 196 gold pieces.

Inventory:

Hand Weapons
 g - a +0 dagger of venom
 n - a +0 quarterstaff (weapon)
Armour
 m - a +0 ring mail (worn)
Wands
 c - a wand of flame (15)
 d - a wand of charming (15)
Scrolls
 b - a scroll of enchant armour {unknown}
 h - a scroll of holy word {unknown}
 j - a scroll of magic mapping {unknown}
 k - a scroll of identify {unknown}
Potions
 a - a potion of haste {unknown}
 f - a potion of degeneration {unknown}
 i - a potion of lignification {unknown}
 l - a potion of curing {unknown}
Miscellaneous
 e - a piece from Xom's chessboard (14/15) (quivered)


   Skills:
 + Level 2.3 Fighting
 + Level 2.7 Armour
 + Level 2.1 Dodging
 - Level 0.8 Stealth
 + Level 3.8 Evocations


You had 3 spell levels left.
You didn't know any spells.
Your spell library contained the following spells:

 Spells                   Type           Power      Damage    Failure   Level
 Pain                     Necr           0%         1d4       56%         1
 Agony                    Necr           0%         N/A       100%        5
 Excruciating Wounds      Necr           0%         N/A       100%        5


Dungeon Overview and Level Annotations

Branches:
Dungeon (4/15)            Ossuary (1/1)
 Temple: D:4-7

Altars:
Xom
Beogh

Annotations:
D:3 3 runed translucent doors, horus123's ghost, amateur HuGl


Innate Abilities, Weirdness & Mutations

You have a pair of small antennae on your head.
You may rarely emit foul miasma when damaged in melee.


Message History

The hound zombie misses you.
The hound zombie bites you but does no damage.
Found 20 gold pieces.
A mummy comes into view.
Found a gate leading back out of this place.
The hound zombie barely misses you.
The hound zombie bites you but does no damage.
The hound zombie bites you.
You emit a cloud of foul miasma!
You are too injured to fight recklessly!
You are too injured to fight recklessly!
You are too injured to fight recklessly!
You are too injured to fight recklessly!
You are too injured to fight recklessly!
You are too injured to fight recklessly!
You hit the hound zombie.
The hound zombie is moderately damaged.
The hound zombie misses you. The hound zombie bites you.
You hit the hound zombie.
The hound zombie is moderately damaged.
The hound zombie completely misses you.
You sock the hound zombie!
The hound zombie is severely damaged.
The hound zombie closely misses you. The hound zombie bites you.
You hit the hound zombie.
The hound zombie is severely damaged.
The hound zombie barely misses you. The hound zombie misses you.
You closely miss the hound zombie.
The hound zombie is severely damaged.
The hound zombie bites you.
* * * LOW HITPOINT WARNING * * *
The gnoll zombie hits you.
* * * LOW HITPOINT WARNING * * *
You hit the hound zombie.
You destroy the hound zombie!
The gnoll zombie hits you.
* * * LOW HITPOINT WARNING * * *
You emit a cloud of foul miasma!
Your piece from Xom's chessboard (14/15) has regained one charge.
The gnoll zombie hits you.
You die...

##########################
$#...........Z...........+?
$#.........M.ZZ@.........#?
+#........M#####Z........###
........M...{...............
............................
....##...............##.....
....##..ZZ...........##.....
.......Z....................
.#.......Z...............#..
##......M...∩..........##


You could see 2 mummies, 3 gnoll zombies and an orc zombie.

Vanquished Creatures
  A jelly (D:3)
  A hound zombie (Ossuary)
  A mummy (Ossuary)
  An adder (D:3)
  An adder zombie (Ossuary)
  2 worms
  An endoplasm (D:1)
  A giant cockroach (D:2)
  10 goblins
  2 hobgoblins (D:2)
  An iguana (D:3)
  4 jackals (D:2)
  3 quokkas
  6 ball pythons
  6 bats
  2 frilled lizards
  A goblin zombie (D:4)
  6 kobolds
  4 rats
  A rat zombie (D:4)
55 creatures vanquished.

Notes
Turn   | Place    | Note
-------+----------+-------------------------------------------
     0 | D:1      | siradein the Demonspawn Artificer began the quest for the
                  | Orb.
     0 | D:1      | Reached XP level 1. HP: 15/15 MP: 1/1
     2 | D:1      | Noticed a merfolk
     2 | D:1      | Noticed an ogre
     4 | D:1      | Noticed a vampire
     6 | D:1      | Noticed a gargoyle
     8 | D:1      | Noticed a draconian
     8 | D:1      | Noticed a tengu
    12 | D:1      | Noticed a spriggan
    12 | D:1      | Noticed a minotaur
    14 | D:1      | Noticed a formicid
    14 | D:1      | Noticed a dwarf
    16 | D:1      | Noticed a demonspawn
    16 | D:1      | Noticed an octopode
    18 | D:1      | Noticed a human
    18 | D:1      | Noticed a troll
    20 | D:1      | Noticed a naga
    20 | D:1      | Noticed an elf
    22 | D:1      | Noticed a felid
    22 | D:1      | Noticed a vine stalker
    24 | D:1      | Noticed a ghoul
    26 | D:1      | Noticed a demigod
    71 | D:1      | Reached skill level 1 in Dodging
   439 | D:1      | Gained mutation: You may rarely emit foul miasma when
                  | damaged in melee. [demonic ancestry]
   439 | D:1      | Reached XP level 2. HP: 21/21 MP: 2/2
  1623 | D:2      | Gained mutation: You have a pair of small antennae on your
                  | head. [demonic ancestry]
  1623 | D:2      | Reached XP level 3. HP: 21/26 MP: 3/3
  2931 | D:3      | Found a runed translucent gate.
  2932 | D:3      | Found a runed translucent gate.
  2932 | D:3      | Noticed horus123's ghost (amateur HuGl)
  2933 | D:3      | Found a runed translucent gate.
  3096 | D:3      | Found a shimmering altar of Xom.
  3230 | D:3      | Found a faded altar of an unknown god.
  3425 | D:3      | Reached XP level 4. HP: 14/33 MP: 4/4
  3771 | D:4      | Found a sand-covered staircase.
  3785 | Ossuary  | Entered an ossuary
  3858 | Ossuary  | Slain by a gnoll zombie

Illustrated notes

Levels and vault maps discovered:
D:1:      kb_arrival_jail, layout_basic
D:2:      minmay_spotlight, layout_loops_ring
D:3:      layout_loops_ring, dk_xom_monty_hall, biasface_ghost_orc_armoury,
          chequers_ecumenical_altar_grove, corexii_shack
D:4:      layout_basic, temple_doors_e, enter_ossuary_4, minmay_misc_feat_roman,
          nrook_mini_vaults, grunt_decor_mini_mirrors, minmay_ruined_shrine
Ossuary:  ossuary_minmay_tomb_2a

Skill      XL: |  1  2  3 |
---------------+----------+-----
Dodging        | 1 2 |  2.1
Armour         | 2 |  2.7
Fighting       | 2 |  2.3
Stealth        | |  0.8
Evocations     | |  3.8

Action                   |  1- 3 |  4- 6 || total
-------------------------+-------+-------++-------
Melee: Dagger            |   141 |     4 ||   145
       Club              |    13 |       ||    13
       Quarterstaff      |    12 |    25 ||    37
Evoke: Piece from Xom's  |     5 |       ||     5
  Use: Scroll            |     1 |       ||     1
 Stab: Petrified         |     3 |       ||     3
       Sleeping          |     1 |       ||     1
Armor: Leather armour    |    21 |       ||    21
       Ring mail         |    34 |    34 ||    68
Dodge: Dodged            |   112 |    46 ||   158

Table legend: (Time is in decaauts)
 A = Elapsed time spent in this place.
 B = Non-inter-level travel time spent in this place.
 C = Inter-level travel time spent in this place.
 D = Time resting spent in this place.
 E = Time spent auto-exploring this place.
 F = Levels seen in this place.
 G = Mean time per level.
                   A        B        C        D        E       F      G
               +--------+--------+--------+--------+--------+-----+--------+
         Total |   3869 |   3802 |     67 |    210 |   2962 |   5 |  773.8 |
       Dungeon |   3790 |   3723 |     67 |    210 |   2962 |   4 |  947.5 |
       Ossuary |     79 |     79 |      0 |      0 |      0 |   1 |   79.0 |
               +--------+--------+--------+--------+--------+-----+--------+

Top non-repeatable levels by time:
     D:3: 1405 daAuts
     D:2: 1213 daAuts
     D:1: 1142 daAuts
 Ossuary: 79 daAuts
     D:4: 28 daAuts
